 Dungeon Crawl Stone Soup version 0.21-a0-215-g0631661 (webtiles) character file.

5871 tehllama the Grappler (level 10, 0/74 HPs)
             Began as an Octopode Transmuter on Aug 22, 2017.
             Was an Elder of Okawaru.
             Slain by a seven-headed hydra (12 damage)
             ... on level 1 of the Lair of Beasts.
             The game lasted 00:22:47 (10560 turns).

tehllama the Grappler (Octopode Transmuter)        Turns: 10560, Time: 00:22:48

Health: 0/74       AC:  6    Str: 14    XL:     10   Next: 81%
Magic:  30/34      EV: 15    Int: 15    God:    Okawaru [****..]
Gold:   502        SH:  0    Dex: 12    Spells: 7/17 levels left

rFire    x . .     SeeInvis .     - Unarmed
rCold    + + +     Gourm    .   (shield currently unavailable)
rNeg     . . .     Faith    .   (helmet currently unavailable)
rPois    +         Spirit   .   (no amulet)
rElec    .         Reflect  .   g - ring of protection from cold
rCorr    +         Harm     .   k - ring of resist corrosion
MR       .....                  f - ring of magical power
Stlth    +++++.....             v - ring of magical power
HPRegen  0.22/turn              (no ring)
MPRegen  0.24/turn              (no ring)
                                (no ring)
                                (no ring)

@: about to teleport, ice-form, heroism
A: almost no armour, stealthy swim, amphibious, 8 rings, (constrict 8)
a: End Transformation, Heroism, Renounce Religion


You were on level 1 of the Lair of Beasts.
You worshipped Okawaru.
Okawaru was greatly pleased with you.
You were hungry.
You were a creature of crystalline ice.
You visited 3 branches of the dungeon, and saw 10 of its levels.

You collected 502 gold pieces.

Inventory:

Missiles
 a - 96 arrows
Armour
 E - a +0 shield
 I - the +4 shield of Beocar {*Drain rF+++ MR++ Int+3, unknown}
   (You found it on level 7 of the Dungeon)

   It affects your intelligence (+3).
   It renders you almost immune to fire.
   It affects your resistance to hostile enchantments.
   It causes draining when unequipped.
Jewellery
 f - a ring of magical power (on tentacle)
 g - a ring of protection from cold (left front paw)
 k - a ring of resist corrosion (right front paw)
 v - a ring of magical power (on tentacle)
 F - an uncursed amulet of regeneration {unknown}
Wands
 m - a wand of flame (19/48)
 s - a wand of acid (4/15)
 x - a wand of random effects (43/48)
 G - a wand of random effects (28/48)
 H - a wand of flame (42/48)
Scrolls
 d - 5 scrolls of remove curse
 j - a scroll of enchant weapon {unknown}
 p - 2 scrolls of magic mapping {unknown}
 q - 4 scrolls of recharging {unknown}
 r - 3 scrolls of teleportation
 t - 2 scrolls of noise {unknown}
 y - 2 scrolls of fear {unknown}
Potions
 e - 2 potions of might
 h - 3 potions of curing
 n - 2 potions of heal wounds
 o - 5 potions of haste
 w - 3 potions of flight
 z - 3 potions of lignification {unknown}
 A - a potion of degeneration {unknown}
 B - a potion of magic {unknown}
 C - a potion of invisibility {unknown}
 D - 3 potions of brilliance
Books
 b - a book of Changes

   Spells                             Type                      Level
   a - Beastly Appendage              Transmutation                1
   b - Sticks to Snakes               Transmutation                2
   c - Spider Form                    Transmutation/Poison         3
   d - Ice Form                       Ice/Transmutation            4
   e - Blade Hands                    Transmutation                5
 J - a book of Minor Magic

   Spells                             Type                      Level
   a - Magic Dart                     Conjuration                  1
   b - Blink                          Translocation                2
   c - Call Imp                       Summoning                    2
   d - Slow                           Hexes                        2
   e - Conjure Flame                  Conjuration/Fire             3
   f - Mephitic Cloud                 Conjuration/Poison/Air       3
Comestibles
 c - 5 bread rations
 i - 6 meat rations
 u - 10 royal jellies


   Skills:
 + Level 2.8(7.8) Fighting
 + Level 5.2(10.2) Dodging
 - Level 8.0(13.0) Stealth
 + Level 3.0(8.0) Shields
 * Level 9.1(14.1) Unarmed Combat
 - Level 4.3 Spellcasting
 * Level 7.4 Transmutations
 - Level 2.7 Ice Magic
 - Level 3.0 Poison Magic
 + Level 4.4 Invocations


You had 7 spell levels left.
You knew the following spells:

 Your Spells              Type           Power        Failure   Level  Hunger
a - Beastly Appendage     Tmut           ####..       1%          1    None
b - Sticks to Snakes      Tmut           ####....     1%          2    ##.....
c - Spider Form           Tmut/Pois      ###.......   6%          3    ###....
d - Ice Form              Ice/Tmut       ###.....     22%         4    ####...


Dungeon Overview and Level Annotations

Branches:
Dungeon (8/15)             Temple (1/1) D:5            Lair (1/6) D:8

Altars:
Ashenzari
Cheibriados
Dithmenos
Fedhas
Gozag
Hepliaklqana
Makhleb
Nemelex Xobeh
Okawaru
Qazlal
Ru
Trog
Uskayaw
Vehumet
Xom
Yredelemnul
Zin
The Shining One


Innate Abilities, Weirdness & Mutations

You cannot wear most types of armour.
You are very stealthy in the water. (Stealth+)
You are amphibious.
You can wear up to eight rings at the same time.
((You can use your tentacles to constrict eight enemies at once.))
((Your skin changes colour to match your surroundings (Stealth+).))
((Your rubbery body absorbs attacks. (AC +1, EV +1)))


Message History

The seven-headed hydra bites you but does no damage.
The seven-headed hydra closely misses you. x2
You feel much better.
The seven-headed hydra bites you but does no damage.
The seven-headed hydra misses you.
The seven-headed hydra bites you but does no damage.
The seven-headed hydra closely misses you.
The seven-headed hydra barely misses you.
The seven-headed hydra bites you!
* * * LOW HITPOINT WARNING * * *
The seven-headed hydra closely misses you.
You feel much better. The seven-headed hydra bites you.
The seven-headed hydra closely misses you.
The seven-headed hydra bites you. The seven-headed hydra bites you!
* * * LOW HITPOINT WARNING * * *
The seven-headed hydra barely misses you.
The seven-headed hydra bites you.
* * * LOW HITPOINT WARNING * * *
The seven-headed hydra bites you!
You die...

...... ...... .
.(....## . .#
#......###.# ...
####.....#... ....
.............##
.....
#...##..###.##.....#
##...†D##........#
#...<.Y....†.......
#..####.......###..
## #####.......
######.. #


You could see a seven-headed hydra.

Vanquished Creatures
  A two-headed ogre (D:8)
  The ghost of theclanless the Fighter, a novice OgSk of Hepliaklqana (D:8)
  A black mamba (Lair:1)
  A queen bee (D:8)
  A hippogriff (D:8)
  2 wyverns (D:8)
  Duvessa (D:6)
  2 water moccasins (Lair:1)
  2 orc warriors
  3 sky beasts
  An eye of draining (D:7)
  2 black bears (D:7)
  3 ogres
  2 necrophages (D:7)
  A big kobold (D:5)
  A crocodile (Lair:1)
  2 bullfrogs
  Dowan (D:6)
  A water moccasin zombie (D:6)
  2 scorpions
  12 killer bees (D:8)
  3 howler monkeys
  4 crimson imps
  2 bullfrog zombies (D:5)
  2 hounds (D:4)
  A bullfrog skeleton (D:5)
  7 orc priests
  2 iguanas
  4 orc wizards
  5 worker ants
  A hound zombie (D:8)
  3 hound skeletons
  12 adders
  An adder skeleton (D:7)
  An adder zombie (D:8)
  A worm (D:3)
  5 dart slugs
  4 leopard geckos
  31 orcs
  9 bats
  17 giant cockroaches
  5 goblins
  10 hobgoblins
  6 jackals
  A quokka (D:5)
  A ball python (D:5)
  7 frilled lizards
  A jackal zombie (D:8)
  7 kobolds
  A leopard gecko skeleton (D:5)
  A leopard gecko zombie (D:5)
  11 rats
  A spectral orc (D:3)
  A butterfly (Temple)
211 creatures vanquished.

Notes
Turn   | Place    | Note
-------+----------+-------------------------------------------
     0 | D:1      | tehllama the Octopode Transmuter began the quest for the Orb.
     0 | D:1      | Reached XP level 1. HP: 13/13 MP: 3/3
   293 | D:1      | Reached XP level 2. HP: 12/18 MP: 5/5
   545 | D:1      | Reached skill level 4 in Unarmed Combat
   764 | D:1      | Reached XP level 3. HP: 19/23 MP: 6/6
   842 | D:1      | Reached skill level 1 in Stealth
  1605 | D:2      | Reached XP level 4. HP: 28/28 MP: 7/7
  1612 | D:2      | Learned a level 2 spell: Sticks to Snakes
  1616 | D:2      | Learned a level 3 spell: Spider Form
  1666 | D:2      | Found a blossoming altar of Fedhas.
  2355 | D:3      | Reached XP level 5. HP: 12/33 MP: 8/8
  2619 | D:3      | Reached skill level 5 in Unarmed Combat
  2629 | D:3      | Found a basalt altar of Yredelemnul.
  2744 | D:3      | Found a sparkling altar of Nemelex Xobeh.
  2796 | D:3      | Reached XP level 6. HP: 22/38 MP: 7/9
  3702 | D:5      | Entered Level 5 of the Dungeon
  3920 | D:5      | Reached skill level 5 in Stealth
  3931 | D:5      | Found a staircase to the Ecumenical Temple.
  3957 | Temple   | Entered the Ecumenical Temple
  4080 | Temple   | Became a worshipper of Warmaster Okawaru
  4352 | D:5      | Reached skill level 1 in Poison Magic
  4665 | D:4      | Reached XP level 7. HP: 43/43 MP: 10/10
  4946 | D:4      | Found a sacrificial altar of Ru.
  4971 | D:4      | Reached skill level 6 in Unarmed Combat
  5413 | D:4      | Reached * piety under Okawaru
  5447 | D:4      | Found a glowing silver altar of Zin.
  5905 | D:5      | Reached XP level 8. HP: 31/48 MP: 12/12
  6245 | D:5      | Reached skill level 1 in Invocations
  6337 | D:6      | Reached ** piety under Okawaru
  6552 | D:6      | Noticed Dowan
  6553 | D:6      | Noticed Duvessa
  6568 | D:6      | Learned a level 4 spell: Ice Form
  6590 | D:6      | Killed Duvessa
  6595 | D:6      | Killed Dowan
  6595 | D:6      | Reached skill level 7 in Unarmed Combat
  6970 | D:6      | Reached skill level 5 in Transmutations
  6985 | D:6      | Reached skill level 1 in Ice Magic
  6985 | D:6      | Reached XP level 9. HP: 41/53 MP: 13/13
  7162 | D:7      | Found a bloodstained altar of Trog.
  7268 | D:7      | Found a stormy altar of Qazlal.
  7601 | D:7      | Got a spiked shield
  8089 | D:7      | Reached skill level 1 in Shields
  8124 | D:8      | Found a bloodstained altar of Trog.
  8154 | D:8      | Found a staircase to the Lair.
  8157 | D:8      | Noticed a two-headed ogre
  8180 | D:8      | Killed a two-headed ogre
  8180 | D:8      | Reached *** piety under Okawaru
  8180 | D:8      | Reached skill level 8 in Unarmed Combat
  8476 | D:8      | Reached XP level 10. HP: 54/57 MP: 15/15
  8494 | D:8      | Noticed theclanless's ghost (novice OgSk)
  9002 | D:8      | Killed theclanless's ghost
  9002 | D:8      | Reached **** piety under Okawaru
  9819 | D:8      | Reached skill level 5 in Dodging
 10388 | Lair:1   | Entered Level 1 of the Lair of Beasts
 10388 | Lair:1   | Noticed a seven-headed hydra
 10390 | Lair:1   | Noticed a black mamba
 10392 | Lair:1   | Reached skill level 9 in Unarmed Combat
 10554 | Lair:1   | Killed a black mamba
 10560 | Lair:1   | Slain by a seven-headed hydra

Vault maps used:
D:1:      scummos_arrival_hexagon, fountainhead
D:2:      minmay_roachtagon, fedhas_altar_3
D:3:      cheibrodos_old_hovel, yredelemnul_forgotten_temple_becter,
          first_bread, nemelex_altar_shiori
D:4:      old_standard_altar, zin_academy, roderic_roman_lattice,
          kennysheep_generic_room_12
D:5:      minmay_temple_entry_butterflies, st_stairs_12, minmay_crossroads
D:6:      uniq_duvessa
D:7:      nicolae_qazlal_general_emergency, trog_ov_bears_minmay
D:8:      lair_entry_dummy, basic_altar, david_nohive_1
Temple:   minmay_temple_forest_path

Skill      XL: |  1  2  3  4  5  6  7  8  9 10 |
---------------+-------------------------------+-----
Unarmed Combat | 4 5 6 7 8 9 |  9.1
Stealth        | 2 4 5 6 7 8 |  8.0
Poison Magic   | 1 2 3 |  3.0
Transmutations | 3 5 6 7 |  7.4
Dodging        | 3 4 5 |  5.2
Invocations    | 2 3 4 |  4.4
Spellcasting   | 3 4 |  4.3
Ice Magic      | 1 2 |  2.7
Shields        | 2 3 |  3.0
Fighting       | 2 |  2.8

Action                   |  1- 3 |  4- 6 |  7- 9 | 10-12 || total
-------------------------+-------+-------+-------+-------++-------
Melee: Unarmed           |    99 |   153 |   254 |   109 ||   615
       Constrict         |    29 |    35 |    25 |     4 ||    93
       Tentacles         |    15 |    20 |    25 |       ||    60
       Punch             |     1 |     3 |     4 |     2 ||    10
       Kick              |       |    10 |    14 |     4 ||    28
 Cast: Beastly Appendage |       |     8 |    10 |     3 ||    21
       Spider Form       |       |     3 |    19 |     1 ||    23
       Ice Form          |       |       |       |    14 ||    14
Invok: Heroism           |       |       |     5 |    12 ||    17
Evoke: Wand              |       |       |     3 |       ||     3
  Use: Scroll            |       |     4 |     4 |     2 ||    10
       Potion            |       |       |       |     2 ||     2
 Stab: Sleeping          |    10 |    13 |     9 |     2 ||    34
       Distracted        |     1 |       |     1 |     1 ||     3
  Eat: Chunk             |     2 |     7 |    12 |     4 ||    25
       Bread ration      |       |     1 |       |       ||     1
       Fruit             |       |       |       |     8 ||     8
Armor: Skin              |    13 |     7 |    10 |    22 ||    52
Dodge: Dodged            |    42 |    89 |   212 |    98 ||   441

Table legend:
 A = Spawn XP
 B = Non-spawn XP
 C = Spawn XP percentage of total XP
 D = Spawn monster count
 E = Non-spawn monster count
 F = Spawn count percentage of total count
 G = Total turns spent on level
                    A         B        C        D         E        F      G
               +---------+---------+-------+---------+---------+-------+---------
         Total |    1041 |    7347 |  12.4 |      35 |     175 |  16.7 | 10560
               +---------+---------+-------+---------+---------+-------+---------
           D:1 |       8 |      54 |  12.9 |       7 |      27 |  20.6 |  1316
           D:2 |       3 |      61 |   4.7 |       2 |      26 |   7.1 |   843
           D:3 |      32 |     211 |  13.2 |       4 |      24 |  14.3 |  1621
           D:4 |       0 |     529 |   0.0 |       0 |      18 |   0.0 |  1222
           D:5 |     252 |     495 |  33.7 |       4 |      22 |  15.4 |  1100
           D:6 |     168 |     565 |  22.9 |       3 |      13 |  18.8 |   668
           D:7 |     295 |     789 |  27.2 |       8 |      14 |  36.4 |  1286
           D:8 |     283 |    3803 |   6.9 |       7 |      27 |  20.6 |  1945
        Lair:1 |       0 |     840 |   0.0 |       0 |       4 |   0.0 |   172
               +---------+---------+-------+---------+---------+-------+---------
